[ AOE2 MATCH · #505895098 ]
UnrankedJapanese vs Mongols
Player's team · WIN
Rival team · LOSS
[ REPLAY ANALYSIS · EXTRACTED FROM THE RECORDED GAME ]
Feudal
10:53
Castle
—
Imperial
—
| APM avg | 61.7 |
| APM peak | 82 |
| eAPM avg | 21.0 |
| Villagers / military | 29 / 8 |
Focus
⚔️ 38.7% · 🌾 61.3%
Militia ×5 · Spearman ×2 · Archer ×1
Feudal
8:51
Castle
—
Imperial
—
| APM avg | 56.8 |
| APM peak | 83 |
| eAPM avg | 17.5 |
| Villagers / military | 27 / 2 |
Focus
⚔️ 24.1% · 🌾 75.9%
Scout Cavalry ×2
Match map
Initial resources + every placement click. Lines = walls · curves = elevation contours. ◆ gold · ⬟ stone · ● berries · ✦ relic · ◌ wall gap
Your base· Open — unwalled flank
_DaViCy_'s base· Open — unwalled flank
Smoothed initial terrain · ◌ = detected wall gap · hover for details
Inputs per minute
— Axolotl-Flöten-Beschwörer - - _DaViCy_
Build order — Axolotl-Flöten-Beschwörer
60 actions detected in the replay
| 0:00 | Create | Villager (Male) |
| 0:01 | Build | House |
| 0:02 | Build | House |
| 0:07 | Create | Villager (Male) |
| 0:07 | Create | Villager (Male) |
| 0:07 | Create | Villager (Male) |
| 1:26 | Create | Villager (Male) |
| 1:26 | Create | Villager (Male) |
| 2:01 | Create | Villager (Male) |
| 2:01 | Create | Villager (Male) |
| 2:01 | Create | Villager (Male) |
| 2:19 | Create | Villager (Male) |
| 2:19 | Create | Villager (Male) |
| 2:35 | Build | Lumber Camp |
| 2:56 | Create | Villager (Male) |
| 3:22 | Create | Villager (Male) |
| 3:44 | Create | Villager (Male) |
| 3:44 | Create | Villager (Male) |
| 3:47 | Build | House |
| 4:04 | Create | Villager (Male) |
| 4:05 | Create | Villager (Male) |
| 4:27 | Build | Barracks |
| 4:31 | Create | Villager (Male) |
| 4:31 | Create | Villager (Male) |
| 4:53 | Build | House |
| 4:59 | Create | Villager (Male) |
| 4:59 | Create | Villager (Male) |
| 5:25 | Create | Militia |
| 5:26 | Create | Militia |
| 5:27 | Create | Militia |
| 5:27 | Create | Militia |
| 5:41 | Create | Militia |
| 5:54 | Create | Villager (Male) |
| 6:17 | Create | Villager (Male) |
| 6:19 | Build | House |
| 6:41 | Create | Villager (Male) |
| 6:44 | Create | Villager (Male) |
| 6:47 | Build | Mill |
| 6:49 | Build | House |
| 7:49 | Create | Villager (Male) |
| 8:03 | Build | Mining Camp |
| 8:14 | Create | Villager (Male) |
| 8:44 | Research | Feudal Age |
| 8:44 | Research | Feudal Age |
| 9:25 | Research | Loom |
| 10:08 | Build | Palisade Wall |
| 10:09 | Build | Palisade Wall |
| 10:12 | Build | Palisade Wall |
| 10:17 | Build | Palisade Wall |
| 10:43 | Build | Palisade Wall |
| 10:53 | Age | Feudal Age |
| 11:13 | Build | Archery Range |
| 11:15 | Build | Blacksmith |
| 11:16 | Create | Spearman |
| 11:17 | Create | Spearman |
| 11:18 | Create | Villager (Male) |
| 11:27 | Build | Palisade Gate |
| 11:44 | Create | Villager (Male) |
| 11:59 | Create | Archer |
| 12:05 | Build | Palisade Wall |
Build order — _DaViCy_
51 actions detected in the replay
| 0:00 | Create | Villager (Male) |
| 0:01 | Build | House |
| 0:02 | Build | House |
| 0:07 | Create | Villager (Male) |
| 0:07 | Create | Villager (Male) |
| 0:10 | Create | Villager (Male) |
| 1:31 | Create | Villager (Male) |
| 1:57 | Create | Villager (Male) |
| 1:57 | Create | Villager (Male) |
| 2:15 | Create | Villager (Male) |
| 2:15 | Create | Villager (Male) |
| 2:49 | Create | Villager (Male) |
| 2:49 | Create | Villager (Male) |
| 3:30 | Create | Villager (Male) |
| 3:56 | Build | House |
| 3:58 | Create | Villager (Male) |
| 4:19 | Build | Lumber Camp |
| 4:32 | Create | Villager (Male) |
| 4:34 | Create | Villager (Male) |
| 4:34 | Create | Villager (Male) |
| 5:24 | Research | Loom |
| 5:51 | Create | Villager (Male) |
| 6:06 | Create | Villager (Male) |
| 6:09 | Build | Mill |
| 6:32 | Research | Feudal Age |
| 8:09 | Build | Barracks |
| 8:26 | Create | Villager (Male) |
| 8:51 | Age | Feudal Age |
| 9:03 | Build | Stable |
| 9:07 | Create | Villager (Male) |
| 9:12 | Build | House |
| 9:15 | Research | Town Watch |
| 9:28 | Create | Villager (Male) |
| 9:35 | Build | House |
| 9:40 | Research | Double-Bit Axe |
| 10:00 | Create | Villager (Male) |
| 10:01 | Create | Scout Cavalry |
| 10:02 | Create | Scout Cavalry |
| 10:10 | Build | Farm |
| 10:12 | Build | House |
| 10:18 | Create | Villager (Male) |
| 10:28 | Build | Farm |
| 10:36 | Create | Villager (Male) |
| 10:38 | Build | Farm |
| 10:42 | Build | Farm |
| 11:11 | Create | Villager (Male) |
| 11:14 | Build | Farm |
| 11:15 | Build | Farm |
| 12:00 | Create | Villager (Male) |
| 12:00 | Create | Villager (Male) |
| 12:03 | Build | House |
Match timeline
| 4:27 | Axolotl-Flöten-Beschwörer · first_building Barracks |
| 8:09 | _DaViCy_ · first_building Barracks |
| 8:51 | _DaViCy_ · age_up feudal |
| 9:03 | _DaViCy_ · first_building Stable |
| 10:08 | Axolotl-Flöten-Beschwörer · wall_segment Palisade Wall x1 |
| 10:09 | Axolotl-Flöten-Beschwörer · wall_segment Palisade Wall x2 |
| 10:12 | Axolotl-Flöten-Beschwörer · wall_segment Palisade Wall x2 |
| 10:17 | Axolotl-Flöten-Beschwörer · wall_segment Palisade Wall x1 |
| 10:43 | Axolotl-Flöten-Beschwörer · wall_segment Palisade Wall x1 |
| 10:53 | Axolotl-Flöten-Beschwörer · age_up feudal |
| 11:13 | Axolotl-Flöten-Beschwörer · first_building Archery Range |
| 12:05 | Axolotl-Flöten-Beschwörer · wall_segment Palisade Wall x1 |
| 12:07 | _DaViCy_ · resign |
[ AI ANALYSIS · 1 CREDIT ]
What really happened in this match?
Wolo.gg analyzes every decision: build order, eco, micro, common mistakes by bracket. Personalized analysis on WhatsApp or Discord in 30 seconds.
Civ guide
Japanese
Perfil
Axolotl-Flöten-Beschwörer